 Dungeon Crawl Stone Soup version 0.30.1 (webtiles) character file.

Game seed: 3667774754220841841

120653 cdecastro the Slayer (level 16, -1/166 (178) HPs)
             Began as a Hill Orc Fighter on July 8, 2023.
             Was a High Priest of Qazlal.
             Slain by a broodmother (22 damage)
             ... on level 1 of the Spider Nest.
             The game lasted 01:21:24 (25687 turns).

cdecastro the Slayer (Hill Orc Fighter)            Turns: 25687, Time: 01:21:25

HP:   -1/166 (178)  AC: 18    Str: 27    XL:     16   Next: 82%
MP:   9/25          EV:  4    Int: 14    God:    Qazlal [*****.]
Gold: 3598          SH:  0    Dex: 14    Spells: 15/15 levels left

rFire   . . .        l - +7 broad axe (vamp)
rCold   . . .        y - orb {light}
rNeg    . . .        Q - +4 chain mail {Will+}
rPois   +            (no helmet)
rElec   .            n - +2 cloak
rCorr   +            W - +0 pair of gloves
SInv    +            C - +0 pair of boots
Will    ++...        E - amulet of regeneration Stlth
                     m - +4 ring of slaying
HPRegen 1.27/turn    K - ring of Funi {rPois rCorr Int+6 Dex+4 SInv}
MPRegen 0.19/turn

%: repel missiles
@: held, glowing, studying 2 skills, drained
A: no striking features
a: Renounce Religion, Upheaval, Elemental Force, Disaster Area


You were on level 1 of the Spider Nest.
You worshipped Qazlal.
Qazlal was extremely pleased with you.
You visited 6 branches of the dungeon, and saw 26 of its levels.
You also visited: Sewer and Ossuary.

You collected 4242 gold pieces.
You spent 644 gold pieces at shops.

Inventory:

Hand Weapons
 l - a +7 vampiric broad axe (weapon)
Missiles
 r - 10 curare-tipped darts (quivered)
 x - 2 poisoned darts
Armour
 c - a +0 helmet
 n - a +2 cloak (worn)
 y - an orb of light (worn)
 C - a +0 pair of boots (worn)
 Q - a +4 chain mail of willpower (worn)
 W - a +0 pair of gloves (worn)
Jewellery
 m - a +4 ring of slaying (left hand)
 E - an amulet of regeneration (around neck)
 K - the ring of Funi (right hand) {rPois rCorr Int+6 Dex+4 SInv}
   (You took it off an orc sorcerer on level 1 of the Elven Halls)

   [ring of intelligence]

   Int:       It affects your intelligence (+6).
   Dex:       It affects your dexterity (+4).
   rPois:     It protects you from poison.
   SInv:      It lets you see invisible.
   rCorr:     It protects you from acid and corrosion.
 N - a ring of willpower
 O - a ring of protection from cold
 S - a ring of flight
Wands
 D - a wand of mindburst (10)
 G - a wand of iceblast (21)
 L - a wand of flame (24)
 M - a wand of paralysis (22)
 U - a wand of quicksilver (4)
 Y - a wand of polymorph (9)
Scrolls
 b - 5 scrolls of fog
 e - 15 scrolls of teleportation
 g - 5 scrolls of vulnerability
 h - 5 scrolls of immolation
 o - 2 scrolls of blinking
 p - 6 scrolls of poison
 v - 2 scrolls of butterflies
 F - 8 scrolls of fear
 H - 5 scrolls of magic mapping
 P - 2 scrolls of identify
 R - 2 scrolls of silence
Potions
 a - a potion of berserk rage {unknown}
 d - 5 potions of might
 f - 3 potions of attraction
 i - 17 potions of curing
 j - 13 potions of heal wounds
 k - 6 potions of magic
 s - a potion of ambrosia
 t - 4 potions of flight
 u - 3 potions of haste
 z - 8 potions of resistance
 A - a potion of invisibility {unknown}
 B - 5 potions of lignification
 I - 6 potions of brilliance
 J - a potion of cancellation {unknown}
Miscellaneous
 q - a lightning rod (4/4)
 w - a condenser vane
 V - a phantom mirror


   Skills:
 * Level 25.1 Fighting
 - Level 20.3 Axes
 - Level 3.2 Armour
 - Level 3.2 Shields
 - Level 13.0 Invocations
 + Level 8.2 Evocations


You had 15 spell levels left.
You didn't know any spells.
Your spell library contained the following spells:

 Spells                   Type           Power      Damage    Failure   Level
 Apportation              Tloc           0%         N/A       80%         1
 Magic Dart               Conj           0%         1d3       80%         1
 Blink                    Tloc           0%         N/A       90%         2
 Ensorcelled Hibernation  Hex/Ice        0%         N/A       90%         2
 Lesser Beckoning         Tloc           0%         N/A       90%         2
 Momentum Strike          Conj/Tloc      0%         3d8       90%         2
 Passwall                 Tmut/Erth      0%         N/A       90%         2
 Searing Ray              Conj           0%         2d4       90%         2
 Sublimation of Blood     Necr           0%         N/A       90%         2
 Wereblood                Tmut           0%         N/A       90%         2
 Gell's Gravitas          Tloc           0%         N/A       99%         3
 Ignite Poison            Fire/Tmut/Pois 0%         N/A       99%         3
 Ozocubu's Armour         Ice            0%         N/A       99%         3
 Portal Projectile        Hex/Tloc       0%         N/A       99%         3
 Swiftness                Air            0%         N/A       99%         3
 Teleport Other           Tloc           0%         N/A       99%         3
 Tukima's Dance           Hex            0%         N/A       99%         3
 Animate Dead             Necr           0%         N/A       100%        4
 Fulminant Prism          Conj/Hex       0%         3d5       100%        4
 Sticky Flame             Conj/Fire      0%         2d3       100%        4
 Alistair's Intoxication  Tmut/Pois      0%         N/A       100%        5
 Blade Hands              Tmut           0%         N/A       100%        5
 Borgnjor's Vile Clutch   Necr/Erth      0%         N/A       100%        5
 Eringya's Noxious Bog    Tmut/Pois      0%         N/A       100%        6
 Haunt                    Necr/Summ      0%         N/A       100%        7
 Ozocubu's Refrigeration  Ice            0%         4d7       100%        7
 Summon Hydra             Summ           0%         N/A       100%        7
 Ignition                 Fire           0%         3d3       100%        8
 Infestation              Necr           0%         N/A       100%        8


Dungeon Overview and Level Annotations

Branches:
Dungeon (15/15)            Temple (1/1) D:4            Lair (5/5) D:8
 Shoals (0/4) Lair:3       Spider (1/4) Lair:3        Slime (0/5) Lair:5
    Orc (2/2) D:9             Elf (2/3) Orc:2        Vaults (0/5) D:14
 Depths (0/4) D:15          Sewer (visited)         Ossuary (visited)

Altars:
Ashenzari
Cheibriados
Dithmenos
Elyvilon
Fedhas
Gozag
Hepliaklqana
Kikubaaqudgha
Makhleb
Nemelex Xobeh
Okawaru
Qazlal
Ru
Sif Muna
Trog
Uskayaw
Vehumet
Wu Jian
Xom
Yredelemnul
Zin
The Shining One
Beogh
Jiyva

Shops:
D:5 *   D:10 *   Orc:2 **::   Elf:1 (

Annotations:
D:10 vault need dig
Elf:2 6 runed translucent doors, Roxanne


Message History

Activating: Disaster Area (1% risk of failure)
Press: ? - help, Dir - look around, f - activate Nature churns violently around you!
The blast of ice hits the wraith!!
The wraith partially resists.
You destroy the wraith!
Qazlal accepts your kill.
The blast of ice hits the orb spider!!
You kill the orb spider!
Qazlal accepts your kill.
The blast of magma engulfs the wraith!!!
You destroy the wraith!
Qazlal accepts your kill.
The blast of magma engulfs the wraith!
The wraith is heavily damaged.
The blast of magma engulfs the jumping spider!!
You kill the jumping spider!
Qazlal accepts your kill.
The blast of magma engulfs the tarantella!
The tarantella is heavily wounded.
The blast of rubble hits the orb spider!!
The orb spider is heavily wounded.
The redback bites you but does no damage.
The jumping spider is engulfed in blazing flames.
The jumping spider pounces on you.
* * * LOW HITPOINT WARNING * * *
You are even more entangled.
The jumping spider bites you.
* * * LOW HITPOINT WARNING * * *
The tarantella touches you but does no damage.
The pharaoh ant bites you!!
* * * LOW HITPOINT WARNING * * *
You feel drained.
* * * LOW HITPOINT WARNING * * *
The redback bites you.
* * * LOW HITPOINT WARNING * * *
The jumping spider is engulfed in blazing flames.
The jumping spider pounces on you but does no damage.
The jumping spider barely misses you.
The redback bites you but does no damage.
The broodmother bites you!!
You die...

.. #... ..s.#.... ######
### ##
...s.....##....####.#..#..
.....#...#....°≈##.........
........###..(§sBs§.#......
........#.W...§s@s.....##..
......W.....≈≈≈○s°...#..#
..........≈..#s.≈§........
.°.....[.........≈....#....
.......###.....≈≈.....§....
....^!. ......##≈.##.....
......#......##...# .....
#..... #..........# ...
....#. ...........#


You could see a broodmother, an orb spider (summoned), a pharaoh ant, a wraith,
a jumping spider, a tarantella and 2 redbacks.

Vanquished Creatures
  A frost giant (D:14)
  A deep elf sorcerer (Elf:1)
  An emperor scorpion (Lair:3)
  A ghost moth (Spider:1)
  Azrael (Elf:1)
  A deep elf annihilator (Elf:2)
  Snorg (Lair:4)
  A deep elf high priest (Elf:1)
  An ettin (Orc:2)
  A fire dragon (Lair:5)
  Harold (D:10)
  4 vault guards
  2 ogre magi
  3 catoblepae
  8 dancing weapons
  3 boulder beetles (D:14)
  4 centaur warriors
  8 death yaks (Lair:5)
  3 tengu warriors
  9 two-headed ogres
  Urug (Lair:4)
  Sonja (Lair:5)
  9 orc high priests
  4 deep elf knights
  A skyshark (Lair:5)
  An orb spider (Spider:1)
  A swamp dragon (Lair:5)
  2 lindwurms
  4 skeletal warriors
  2 wizards
  A steelbarb worm (Lair:3)
  5 deep elf zephyrmancers
  4 deep elf archers
  Pikel (D:6)
  A wolf spider zombie (D:15)
  4 manticores
  A necromancer (D:14)
  An oklob plant (Lair:5)
  10 ugly things
  An orc knight (Orc:1)
  2 wolf spiders
  18 deep elf pyromancers
  4 orc sorcerers
  5 cyclopes
  A moth of wrath (Spider:1)
  Maurice (Orc:2)
  2 naga magi (D:15)
  2 demonic crawlers
  10 elephants
  3 black mambas
  3 gargoyles
  3 centaur skeletons (D:15)
  3 torpor snails
  9 cane toads
  An efreet (D:13)
  7 komodo dragons
  A kobold demonologist (D:14)
  7 rime drakes
  2 tengu conjurers
  7 trolls
  3 meliai
  A queen bee (shapeshifter) (D:13)
  A hornet (D:10)
  2 tarantellas
  A snapping turtle (Lair:3)
  8 blink frogs
  Grinder (D:5)
  Prince Ribbit (D:8)
  9 jumping spiders
  13 slime creatures
  A culicivora (Lair:3)
  3 wraiths
  A centaur simulacrum (D:14)
  37 yaks
  2 shadows
  8 wyverns
  4 fire elementals (Elf:1)
  4 redbacks (Lair:3)
  A steam dragon (D:10)
  5 vampire mosquitoes
  5 basilisks
  6 wargs
  4 acid dragons
  Edmund (D:5)
  3 hell hounds (Elf:1)
  12 water moccasins
  10 orc warriors
  2 swamp drakes (Lair:5)
  2 black bears
  An ice beast (shapeshifter) (D:14)
  4 ice beasts
  A hornet zombie (D:15)
  6 wolves (Lair:1)
  5 ogres
  4 centaurs
  2 boggarts (Elf:1)
  A phantom (D:7)
  A lemure (D:7)
  Blork the orc (D:6)
  13 bullfrogs
  5 scorpions
  2 water moccasin zombies (Ossuary)
  13 killer bees
  2 electric eels
  5 howler monkeys
  5 hounds
  2 gnoll boudas
  39 orc priests
  4 iguanas
  3 jellies
  13 orc wizards
  Natasha (thrice) (D:2)
  7 hell rats (Lair:2)
  2 mummies (Ossuary)
  14 gnolls
  18 adders
  4 river rats (Sewer)
  A white imp (D:5)
  An ufetubus (D:4)
  4 adder zombies (Ossuary)
  2 worms
  2 dart slugs
  87 orcs
  17 ball pythons
  8 endoplasms
  3 giant cockroaches
  6 gnoll zombies
  7 hobgoblins
  A quokka (D:4)
  2 bats (D:2)
  5 frilled lizards
  14 goblins
  6 hobgoblin zombies (Ossuary)
  9 kobolds
  2 kobold zombies (Ossuary)
  7 orc zombies
  23 rats
739 creatures vanquished.

Vanquished Creatures (collateral kills)
  Rupert (D:15)
  4 hydras
  2 skeletal warriors (D:13)
  An ugly thing (D:13)
  A meliai (D:13)
  A queen bee (shapeshifter) (D:13)
  A jumping spider (Lair:3)
11 creatures vanquished.

Vanquished Creatures (others)
  A deep elf zephyrmancer (Elf:1)
1 creature vanquished.

Grand Total: 751 creatures vanquished

Notes
Turn   | Place    | Note
-------+----------+-------------------------------------------
     0 | D:1      | cdecastro the Hill Orc Fighter began the quest for the Orb.
     0 | D:1      | Reached XP level 1. HP: 19/19 MP: 1/1
    73 | D:1      | Reached XP level 2. HP: 27/27 MP: 2/2
   200 | D:1      | Reached skill level 4 in Fighting
   437 | D:1      | Reached XP level 3. HP: 16/33 MP: 3/3
   638 | D:2      | Found a faded altar of an unknown god.
   641 | D:2      | Prayed at the altar of an unknown god.
   641 | D:2      | Became a worshipper of Elyvilon the Healer
   641 | D:2      | Reached * piety under Elyvilon
   841 | D:2      | Noticed Natasha
   845 | D:2      | Killed Natasha
   858 | D:2      | Noticed Natasha
   867 | D:2      | Killed Natasha
   868 | D:2      | Reached skill level 5 in Axes
   868 | D:2      | Reached XP level 4. HP: 33/41 MP: 4/4
  1007 | D:2      | Noticed Natasha
  1013 | D:2      | Killed Natasha
  1171 | D:2      | Reached ** piety under Elyvilon
  1339 | D:2      | Reached XP level 5. HP: 47/47 MP: 5/5
  1913 | D:3      | Reached skill level 5 in Fighting
  2050 | D:3      | Noticed an ogre
  2066 | D:3      | Killed an ogre
  2067 | D:3      | Reached XP level 6. HP: 29/56 MP: 6/6
  2820 | D:4      | Found a shimmering blue altar of Sif Muna.
  2911 | D:4      | Reached skill level 6 in Fighting
  2936 | D:4      | Found a sand-covered staircase.
  2938 | D:4      | Reached *** piety under Elyvilon
  2947 | Ossuary  | Entered an ossuary
  2997 | Ossuary  | Reached XP level 7. HP: 63/63 MP: 7/7
  3200 | D:4      | Found a staircase to the Ecumenical Temple.
  3232 | Temple   | Entered the Ecumenical Temple
  3411 | Temple   | Fell from the grace of Elyvilon
  3411 | Temple   | Became a worshipper of Qazlal Stormbringer
  4261 | D:5      | Entered Level 5 of the Dungeon
  4328 | D:5      | Reached skill level 7 in Fighting
  4328 | D:5      | Reached XP level 8. HP: 66/73 MP: 8/8
  4408 | D:5      | Reached skill level 10 in Axes
  4425 | D:5      | Noticed Grinder
  4452 | D:5      | Killed Grinder
  4525 | D:5      | Reached * piety under Qazlal
  4951 | D:5      | Reached skill level 8 in Fighting
  4987 | D:5      | Found Jufisuqa's Assorted Antiques.
  5001 | D:5      | Bought 3 scrolls labelled MAXTOL TIRO for 75 gold pieces
  5001 | D:5      | Bought a scroll labelled FIJ IMUFITEC for 25 gold pieces
  5001 | D:5      | Bought a scroll of identify for 50 gold pieces
  5001 | D:5      | Bought a forked bone wand for 100 gold pieces
  5004 | D:5      | Identified a scroll of acquirement
  5013 | D:5      | Acquired 824 gold pieces
  5015 | D:5      | Bought a potion of heal wounds for 125 gold pieces
  5205 | D:6      | Noticed Blork the orc
  5217 | D:6      | Killed Blork the orc
  5246 | D:6      | Reached XP level 9. HP: 82/82 MP: 9/9
  5254 | D:6      | Found a glowing drain.
  5282 | Sewer    | Entered a sewer
  5433 | Sewer    | Reached ** piety under Qazlal
  5757 | Sewer    | Reached *** piety under Qazlal
  5927 | D:6      | Noticed Edmund
  5931 | D:6      | Reached skill level 9 in Fighting
  5949 | D:5      | Killed Edmund
  6231 | D:6      | Found a glowing golden altar of the Shining One.
  6253 | D:6      | Found a sacrificial altar of Ru.
  6350 | D:7      | Noticed Pikel
  6381 | D:6      | Killed Pikel
  6563 | D:7      | Identified the +6 war axe of Dupryr {chaos, rCorr}
  6755 | D:7      | Reached skill level 5 in Invocations
  6757 | D:7      | Reached skill level 10 in Fighting
  7166 | D:8      | Found a radiant altar of Vehumet.
  7221 | D:8      | Reached XP level 10. HP: 89/93 MP: 14/14
  7248 | D:8      | Noticed Prince Ribbit
  7266 | D:8      | Killed Prince Ribbit
  7398 | D:8      | Reached skill level 11 in Fighting
  7480 | D:8      | Reached skill level 10 in Invocations
  7495 | D:8      | Acquired 489 gold pieces
  7508 | D:8      | Found a staircase to the Lair.
  7787 | D:8      | Reached **** piety under Qazlal
  7883 | D:9      | Found a runed translucent door.
  7884 | D:9      | Noticed a red ugly thing
  7891 | D:9      | Killed a red ugly thing
  8058 | D:9      | Found a staircase to the Orcish Mines.
  8115 | D:9      | Reached XP level 11. HP: 91/104 MP: 18/18
  8755 | D:10     | Entered Level 10 of the Dungeon
  8840 | D:10     | Found a white marble altar of Elyvilon.
  8857 | D:10     | Reached skill level 12 in Fighting
  8877 | D:10     | Found an opulent altar of Gozag.
  8980 | D:10     | Noticed a two-headed ogre
  9001 | D:10     | Killed a two-headed ogre
  9039 | D:10     | Found a hazy altar of Hepliaklqana.
  9092 | D:10     | Reached skill level 15 in Axes
  9267 | D:10     | Found Diria's General Store.
  9277 | D:10     | Bought 2 scrolls of identify for 48 gold pieces
  9526 | D:10     | Noticed a two-headed ogre
  9568 | D:10     | Killed a two-headed ogre
  9613 | D:10     | Found a glowing silver altar of Zin.
  9701 | D:11     | Noticed a cyclops
  9775 | D:11     | Noticed Harold
  9904 | D:10     | Killed Harold
  9981 | D:11     | Killed a cyclops
  9982 | D:11     | Reached skill level 13 in Fighting
 10023 | D:11     | Noticed a +0 short sword
 10024 | D:11     | Noticed a +0 short sword
 10024 | D:11     | Noticed a +0 dagger
 10030 | D:11     | Noticed a cyclops
 10033 | D:11     | Noticed a +0 spear
 10033 | D:11     | Noticed a +0 falchion
 10033 | D:11     | Noticed a +0 spear
 10033 | D:11     | Noticed a +0 dagger
 10035 | D:11     | Noticed a +0 falchion
 10035 | D:11     | Noticed a manticore
 10040 | D:11     | Found a hide-covered altar of Uskayaw.
 10043 | D:11     | Killed a manticore
 10049 | D:11     | Killed a cyclops
 10179 | D:10     | Reached ***** piety under Qazlal
 10180 | D:10     | Reached XP level 12. HP: 95/115 MP: 19/19
 10909 | D:12     | Reached skill level 14 in Fighting
 11692 | D:13     | Noticed a four-headed hydra
 11813 | Lair:1   | Entered Level 1 of the Lair of Beasts
 11986 | Lair:1   | Reached skill level 15 in Fighting
 12719 | Lair:1   | Reached skill level 16 in Fighting
 12794 | Lair:2   | Noticed a five-headed hydra
 12802 | Lair:2   | Killed a five-headed hydra
 12803 | Lair:2   | Reached XP level 13. HP: 130/130 MP: 16/22
 13611 | Lair:2   | Reached skill level 17 in Fighting
 13659 | Lair:3   | Found a stormy altar of Qazlal.
 14165 | Lair:3   | Found the +4 skin of Zhor {*Englaciate rC+++ SInv}
 14282 | Lair:3   | Found a hole to the Spider Nest.
 14529 | Lair:3   | Found a staircase to the Shoals.
 15013 | Lair:4   | Identified the +2 scale mail "Jyosm" {Fly rElec rC+}
 15079 | Lair:4   | Reached skill level 18 in Fighting
 15523 | Lair:4   | Noticed Urug
 15533 | Lair:4   | Killed Urug
 15554 | Lair:4   | Noticed Snorg
 15563 | Lair:4   | Killed Snorg
 15959 | Lair:5   | Entered Level 5 of the Lair of Beasts
 16199 | Lair:5   | Reached skill level 19 in Fighting
 16265 | Lair:5   | Reached XP level 14. HP: 146/146 MP: 23/23
 16315 | Lair:5   | Noticed Sonja
 16319 | Lair:5   | Killed Sonja
 17112 | Lair:5   | Reached skill level 20 in Fighting
 17115 | Lair:5   | Reached ****** piety under Qazlal
 17160 | Lair:5   | Found a viscous altar of Jiyva.
 17173 | Lair:5   | Found a staircase to the Slime Pits.
 18003 | D:13     | Found a roughly hewn altar of Beogh.
 18350 | D:14     | Reached skill level 21 in Fighting
 18569 | D:14     | Reached XP level 15. HP: 102/158 MP: 24/24
 18980 | D:14     | Found a gate to the Vaults.
 19147 | D:14     | Noticed a frost giant
 19158 | D:14     | Killed a frost giant
 19378 | D:14     | You are sucked into a shaft and drop 1 floor!
 19378 | D:15     | Entered Level 15 of the Dungeon
 19443 | D:14     | Reached skill level 22 in Fighting
 19587 | D:14     | Reached skill level 1 in Evocations
 19619 | D:15     | Noticed Rupert
 20063 | D:15     | Killed Rupert
 20064 | D:15     | Reached skill level 23 in Fighting
 20171 | D:15     | Found a staircase to the Depths.
 20207 | D:15     | Found a blossoming altar of Fedhas.
 20939 | Orc:1    | Entered Level 1 of the Orcish Mines
 21303 | Orc:2    | Entered Level 2 of the Orcish Mines
 21326 | Orc:2    | Noticed Maurice
 21335 | Orc:2    | Killed Maurice
 21503 | Orc:1    | You fall into a shaft and drop 1 floor!
 21525 | Orc:2    | Reached skill level 5 in Evocations
 21619 | Orc:2    | Reached XP level 16. HP: 146/164 MP: 25/25
 21883 | Orc:2    | Found a burning altar of Makhleb.
 21897 | Orc:2    | Found a staircase to the Elven Halls.
 22428 | Orc:2    | Found Wotiv's Book Shoppe.
 22428 | Orc:2    | Found Torch's Book Boutique.
 22487 | Orc:2    | Found a roughly hewn altar of Beogh.
 22570 | Orc:2    | Found Godom's General Store.
 22570 | Orc:2    | Found Comanom's General Store.
 22575 | Orc:2    | Bought a potion of haste for 130 gold pieces
 22575 | Orc:2    | Bought a scroll of fear for 52 gold pieces
 22575 | Orc:2    | Bought a potion of curing for 39 gold pieces
 22693 | Elf:1    | Entered Level 1 of the Elven Halls
 22696 | Elf:1    | Identified the ring of Funi {rPois rCorr Int+6 Dex+4 SInv}
 22981 | Elf:1    | Reached skill level 24 in Fighting
 22998 | Elf:1    | Identified the +1 battleaxe of Hosearph {heavy, rC+}
 23073 | Elf:1    | Noticed Azrael
 23089 | Elf:1    | Killed Azrael
 23375 | Elf:1    | Found Nuwikoc's Weapon Shoppe.
 23396 | Elf:1    | You fall into a shaft and drop 1 floor!
 24002 | Elf:2    | Found a runed translucent gate.
 24002 | Elf:2    | Found a runed translucent gate.
 24298 | Elf:2    | Found a runed translucent gate.
 24298 | Elf:2    | Found a runed translucent gate.
 24298 | Elf:2    | Found a runed translucent gate.
 24354 | Elf:2    | Identified Roxanne's Codex of the Fjord
 24354 | Elf:2    | Noticed Roxanne
 24854 | Elf:2    | Found a runed translucent gate.
 25027 | Elf:2    | Noticed a deep elf blademaster
 25331 | Spider:1 | Entered Level 1 of the Spider Nest
 25395 | Lair:3   | Reached skill level 25 in Fighting
 25687 | Spider:1 | Slain by a broodmother

Illustrated notes

Levels and vault maps discovered:
D:1:      wheals_arrival_shading, layout_rooms, minmay_misc_feat_room
D:2:      layout_basic, nicolae_ecumenical_oubliette, minmay_gold_behind_fungi,
          minmay_goblin_outpost, uniq_natasha
D:3:      layout_basic, supply_closet_lemuel
D:4:      layout_basic, mainiacjoe_overflow_brackets, minmay_temple_entry_mist,
          nicolae_ossuary_entry_monument
D:5:      layout_rooms, serial_shops, nicolae_shop_waterfront, uniq_grinder
D:6:      layout_basic, mainiacjoe_overflow_catwalk_spiral,
          portal_sewer_entry_a, uniq_edmund, uniq_blork_the_orc
D:7:      layout_basic, uniq_pikel
D:8:      layout_loops_ring, mainiacjoe_overflow_concentric_impassable,
          minmay_lair_entry_grove, uniq_prince_ribbit1
D:9:      layout_loops_ring, david_orc_2, minivault_13
D:10:     layout_roguey, zin_scriptorium, nicolae_overflow_squiral,
          mainiacjoe_overflow_paths, serial_glass, glass_columns_a,
          glass_columns_b, glass_columns_a, glass_columns_b, glass_columns_a,
          glass_columns_b, glass_columns_c, glass_columns_b, serial_shops,
          nicolae_shop_waterfront
D:11:     layout_cross, nicolae_uskayaw_en_pointe, uniq_harold
D:12:     minmay_goldmine, layout_irregular_city
D:13:     layout_cave_pools, david_defended_altar_orc
D:14:     layout_basic, lightli_vaults_fourway_checkpoint, grunt_decor_junction,
          minmay_three_doors
D:15:     grunt_enter_depths_magical_seal, layout_rooms,
          minmay_misc_feat_encased, fedhas_altar_1, uniq_rupert
Temple:   eino_temple_lava
Lair:1:   layout_regular_city, dreamdust_gnoll_shepherd
Lair:2:   layout_loops_ring
Lair:3:   layout_loops_ring, minmay_shoals_entry_hut,
          nicolae_spider_entry_tight_spaces, basic_altar, serial_bayou_pond_c,
          hellmonk_guarded_unrand_zhor
Lair:4:   layout_regular_city, uniq_urug, uniq_snorg
Lair:5:   guppyfry_lair_end_dragon, layout_loops_ring,
          minmay_slime_entry_oklob_enclosed, uniq_sonja
Spider:1: layout_spider_delve, uniq_josephine
Orc:1:    layout_caves
Orc:2:    st_orc_town, layout_diamond_mine, bloody_makhleb, uniq_maurice
Elf:1:    nicolae_elf_arrival_no_cutting_in_line, layout_geoelf_grid,
          serial_shops, shop, hangedman_elf_disciples, drop_trap, uniq_azrael
Elf:2:    elven_hall_of_blades_hangedman_original [grunt_blade_entry_basic],
          layout_onion_city, nicolae_elf_hall_of_bonks, uniq_roxanne

Skill      XL: |  1  2  3  4  5  6  7  8  9 10 11 12 13 14 15 16 |
---------------+-------------------------------------------------+-----
Axes           | 3 4 5 7 8 9 12 13 14 17 18 19 20 | 20.3
Fighting       | 4 5 6 7 8 10 11 13 16 19 21 23 25 | 25.1
Invocations    | 6 10 12 13 | 13.0
Evocations     | 5 8 |  8.2
Armour         | |  3.2
Shields        | |  3.2

Action                     |  1- 3 |  4- 6 |  7- 9 | 10-12 | 13-15 | 16-18 || total
---------------------------+-------+-------+-------+-------+-------+-------++-------
  Melee: War axe           |    85 |   129 |   376 |   400 |   354 |       ||  1344
         Broad axe         |       |       |       |       |   347 |   235 ||   582
  Throw: Dart              |       |     1 |       |       |       |       ||     1
 Invoke: Elemental Force   |       |       |       |     1 |     5 |       ||     6
         Disaster Area     |       |       |       |       |     2 |     2 ||     4
  Evoke: Wand              |       |       |       |     3 |     5 |       ||     8
         Condenser vane    |       |       |       |       |     1 |       ||     1
    Use: Scroll            |       |       |    13 |     7 |    15 |     1 ||    36
         Potion            |       |       |       |       |       |     1 ||     1
   Stab: Distracted        |       |       |       |     1 |     1 |       ||     2
         Confused          |       |       |       |     1 |     2 |       ||     3
         Paralysed         |       |       |       |     1 |     2 |       ||     3
 Armour: Scale mail        |    10 |       |       |       |    95 |       ||   105
         Chain mail        |    38 |    62 |   133 |    44 |   100 |   168 ||   545
         Plate armour      |       |       |       |    62 |    56 |       ||   118
  Dodge: Dodged            |    36 |    31 |    78 |    94 |   172 |    71 ||   482
         Repelled          |       |       |       |     6 |     6 |     6 ||    18
  Block: Buckler           |    16 |    18 |    70 |   145 |   157 |       ||   406
         Orb               |       |       |       |       |   107 |    76 ||   183
